 Dungeon Crawl Stone Soup version 0.26-a0-597-gb535b0901c (webtiles) character file.

Game seed: 3733721748180336492

2222 Goblin1989 the Covert (level 9, -12/44 HPs)
             Began as a Spriggan Brigand on Aug 28, 2020.
             Was a Follower of Uskayaw.
             Hit by a stone thrown by an orc warrior (17 damage)
             ... on level 7 of the Dungeon.
             The game lasted 00:16:59 (8812 turns).

Goblin1989 the Covert (Spriggan Brigand)            Turns: 8812, Time: 00:17:00

Health: -12/44     AC:  3    Str:  8    XL:     9   Next: 13%
Magic:  13/13      EV: 21    Int: 13    God:    Uskayaw [*.....]
Gold:   348        SH:  7    Dex: 19    Spells: 8/8 levels left

rFire    . . .     SeeInvis +   F - +1 dagger (vamp)
rCold    . . .     Faith    .   C - +0 buckler (curse)
rNeg     . . .     Spirit   .   b - +0 robe
rPois    .         Reflect  .   (helmet restricted)
rElec    .         Harm     .   c - +0 cloak
rCorr    .                      (gloves unavailable)
MR       +....                  (boots unavailable)
Stlth    ++++++....             (no amulet)
HPRegen  0.14/turn              (no ring)
MPRegen  0.13/turn              x - ring of stealth

@: very quick
A: very small, unfitting armour, see invisible, speed 3
a: Stomp, Renounce Religion


You were on level 7 of the Dungeon.
You worshipped Uskayaw.
Uskayaw was noncommittal.
You visited 1 branch of the dungeon, and saw 7 of its levels.

You collected 348 gold pieces.

Inventory:

Hand Weapons
 a - a +2 dagger of holy wrath
 F - a +1 vampiric dagger (weapon)
Missiles
 d - 11 poisoned darts (quivered)
 i - 127 arrows
 j - 127 stones {@Q3}
 k - 40 sling bullets
 l - 50 bolts
Armour
 b - a +0 robe (worn)
 c - a +0 cloak (worn)
 C - a cursed +0 buckler (worn)
Jewellery
 f - an uncursed ring of fire
 x - a ring of stealth (right hand)
Wands
 G - a wand of flame (17) {@v6}
Scrolls
 g - 3 scrolls of fear {unknown}
 p - 2 scrolls of noise {unknown}
 q - 4 scrolls of teleportation {unknown}
 r - 2 scrolls of blinking {unknown}
 s - 2 scrolls of immolation {unknown}
 t - a scroll of amnesia {unknown}
 u - 4 scrolls of fog {unknown}
 v - 3 scrolls of identify {unknown}
 w - 3 scrolls of enchant armour {unknown}
 y - a scroll of enchant weapon {unknown}
 z - 4 scrolls of remove curse {unknown}
 D - a scroll of random uselessness {unknown}
 E - a scroll of magic mapping {unknown}
Potions
 m - a potion of brilliance
 n - a potion of degeneration {unknown}
 o - 2 potions of heal wounds {@q2}
 A - a potion of flight {unknown}
 B - a potion of berserk rage {unknown}
 H - a potion of ambrosia
 I - a potion of curing {@q1}


   Skills:
 + Level 3.4 Fighting
 * Level 8.7 Short Blades
 - Level 2.0 Throwing
 + Level 5.4 Dodging
 + Level 10.3 Stealth
 + Level 2.3 Shields
 - Level 4.0 Invocations


You had 8 spell levels left.
You didn't know any spells.
Your spell library was empty.

Dungeon Overview and Level Annotations

Branches:
Dungeon (7/15)             Temple (0/1) D:4

Altars:
Cheibriados
Gozag
Makhleb
Nemelex Xobeh
Okawaru
Sif Muna
Uskayaw
Yredelemnul

Annotations:
D:3 exclusion: door
D:5 Dowan, Duvessa
D:7 1 runed translucent door, HoaS's ghost, novice FoFi


Innate Abilities, Weirdness & Mutations

You are very small and have problems with some larger weapons.
You are too small for most types of armour.
You have supernaturally acute eyesight. (SInv)
You cover ground extremely quickly.


Message History

The hippogriff pecks you but does no damage.
The hippogriff claws you.
You take 3 damage, and have 41/44 hp.
You hit the hippogriff.
You feel better.
The hippogriff is lightly wounded.
The hippogriff bites you! The hippogriff pecks you!
The hippogriff claws you but does no damage.
You take 15 damage, and have 26/44 hp.
MASSIVE DAMAGE!!
You are too injured to fight recklessly!
There is an open door here.
There is an open door here.
Throwing (i - inventory. (/) - cycle)
d - 23 poisoned darts (quivered)
Press: ? - help, Shift-Dir - straight line, f - hippogriff
Aim: a hippogriff (lightly wounded)
You throw a poisoned dart. The poisoned dart hits the hippogriff.
The hippogriff is poisoned.
The hippogriff is lightly wounded.
Throwing (i - inventory. (/) - cycle)
d - 22 poisoned darts (quivered)
Press: ? - help, Shift-Dir - straight line, f/p - hippogriff
Aim: a hippogriff (lightly wounded, poisoned)
You throw a poisoned dart. The poisoned dart hits the hippogriff.
The hippogriff looks even sicker.
The hippogriff is lightly wounded.
Throwing (i - inventory. (/) - cycle)
d - 21 poisoned darts (quivered)
Press: ? - help, Shift-Dir - straight line, f/p - hippogriff
Aim: a hippogriff (moderately wounded, very poisoned)
You throw a poisoned dart. The poisoned dart hits the hippogriff.
The hippogriff looks even sicker.
The hippogriff is moderately wounded.
You block the hippogriff's attack. The hippogriff pecks you.
The hippogriff misses you.
You take 2 damage, and have 24/44 hp.
Throwing (i - inventory. (/) - cycle)
d - 20 poisoned darts (quivered)
Press: ? - help, Shift-Dir - straight line, f/p - hippogriff
Aim: a hippogriff (moderately wounded, very poisoned)
You throw a poisoned dart. The poisoned dart hits the hippogriff.
The hippogriff looks as sick as possible!
The hippogriff is moderately wounded.
Throwing (i - inventory. (/) - cycle)
d - 19 poisoned darts (quivered)
Press: ? - help, Shift-Dir - straight line, f/p - hippogriff
Aim: a hippogriff (heavily wounded, very poisoned)
You throw a poisoned dart. The poisoned dart hits the hippogriff.
The hippogriff looks as sick as possible!
The hippogriff is heavily wounded.
Throwing (i - inventory. (/) - cycle)
d - 18 poisoned darts (quivered)
Press: ? - help, Shift-Dir - straight line, f/p - hippogriff
Aim: a hippogriff (severely wounded, extremely poisoned)
You throw a poisoned dart. The poisoned dart hits the hippogriff.
The hippogriff looks as sick as possible!
The hippogriff is severely wounded.
Throwing (i - inventory. (/) - cycle)
d - 17 poisoned darts (quivered)
Press: ? - help, Shift-Dir - straight line, f/p - hippogriff
Aim: a hippogriff (almost dead, extremely poisoned)
You throw a poisoned dart. The poisoned dart hits the hippogriff.
The hippogriff looks as sick as possible!
The hippogriff is almost dead.
Unknown command.
You kill the hippogriff!
An orc warrior is nearby!
You regained 6 hp, and now have 32/44 hp.
An orc warrior is nearby!
An orc warrior is nearby!
An orc warrior is nearby!
Throwing (i - inventory. (/) - cycle)
d - 16 poisoned darts (quivered)
Press: ? - help, Shift-Dir - straight line, f - orc warrior
Aim: an orc warrior, wielding a +2 trident of venom, wearing a +0 plate armour, quivering 17 stones and carrying a wand of disintegration (12) (wandering, hasn't noticed you)
You throw a poisoned dart. The poisoned dart hits the orc warrior.
The orc warrior is poisoned.
The orc warrior shouts!
You hear a shout!
Throwing (i - inventory. (/) - cycle)
d - 15 poisoned darts (quivered)
Press: ? - help, Shift-Dir - straight line, f/p - orc warrior
Aim: an orc warrior, wielding a +2 trident of venom, wearing a +0 plate armour, quivering 17 stones and carrying a wand of disintegration (12) (poisoned)
You throw a poisoned dart. The poisoned dart hits the orc warrior.
The orc warrior looks even sicker.
The orc warrior throws a stone.
The stone misses you.
Throwing (i - inventory. (/) - cycle)
d - 14 poisoned darts (quivered)
Press: ? - help, Shift-Dir - straight line, f/p - orc warrior
Aim: an orc warrior, wielding a +2 trident of venom, wearing a +0 plate armour, quivering 16 stones and carrying a wand of disintegration (12) (lightly wounded, very poisoned)
You throw a poisoned dart. The poisoned dart hits the orc warrior.
The orc warrior looks even sicker.
The orc warrior is lightly wounded.
The orc warrior throws a stone.
The stone misses you.
Unknown command.
Throwing (i - inventory. (/) - cycle)
d - 13 poisoned darts (quivered)
Press: ? - help, Shift-Dir - straight line, f/p - orc warrior
Aim: an orc warrior, wielding a +2 trident of venom, wearing a +0 plate armour, quivering 15 stones and carrying a wand of disintegration (12) (lightly wounded, very poisoned)
You throw a poisoned dart. The poisoned dart hits the orc warrior.
The orc warrior looks as sick as possible!
The orc warrior is lightly wounded.
The orc warrior zaps a wand.
You are blasted!
Ouch! That really hurt!
* * * LOW HITPOINT WARNING * * *
Throwing (i - inventory. (/) - cycle)
d - 12 poisoned darts (quivered)
Press: ? - help, Shift-Dir - straight line, f/p - orc warrior
Aim: an orc warrior, wielding a +2 trident of venom, wearing a +0 plate armour, quivering 15 stones and carrying a wand of disintegration (11) (lightly wounded, extremely poisoned)
You throw a poisoned dart. The poisoned dart hits the orc warrior.
The orc warrior looks as sick as possible!
The orc warrior is lightly wounded.
The orc warrior throws a stone.
The stone hits you!
You die... ███████

███ █.....█ .!█ █.....█ ..█
█.....████████████████
..███.[..........(.......█
.(((∆..(..((....@......>.█
..███.................[..█ ..█
█.....o..............█
█████.....██∆████.......██████
...........█.█ █.██████.....█
...........█.█ █÷█....█.███.█
.....███...█▲████∆█......█<█.█
██████........█......█.....█.██
..█ █........█......▲........█


You could see an orc warrior (extremely poisoned).

Vanquished Creatures
  A hippogriff (D:7)
  2 orc warriors
  A sky beast (D:5)
  An ice beast (D:7)
  2 ogres
  A phantom (D:6)
  2 centaurs
  2 bullfrogs
  4 scorpions
  3 wights (D:6)
  A howler monkey (D:6)
  2 jellies
  3 hounds
  A centaur zombie (D:7)
  A centaur skeleton (D:7)
  3 orc priests (D:6)
  5 orc wizards
  Jessica (D:2)
  Terence (D:2)
  3 worker ants
  A howler monkey zombie (D:6)
  4 gnolls
  5 adders
  2 ufetubi (D:6)
  2 adder skeletons
  A worm (D:3)
  3 dart slugs
  5 leopard geckos
  15 orcs
  A ball python (D:2)
  2 giant cockroaches
  7 goblins
  8 hobgoblins
  3 jackals (D:7)
  4 kobolds
  2 quokkas
  A ball python skeleton (D:6)
  8 bats
  7 frilled lizards
  A leopard gecko skeleton (D:7)
  A leopard gecko zombie (D:6)
  13 rats
136 creatures vanquished.

Notes
Turn   | Place    | Note
-------+----------+-------------------------------------------
     0 | D:1      | Goblin1989 the Spriggan Brigand began the quest for the
                  | Orb.
     0 | D:1      | Reached XP level 1. HP: 10/10 MP: 2/2
   113 | D:1      | Reached skill level 6 in Stealth
   168 | D:1      | Reached XP level 2. HP: 1/14 MP: 3/3
  1191 | D:2      | Found a hide-covered altar of Uskayaw.
  1191 | D:2      | Noticed a +0 hand axe
  1191 | D:2      | Noticed a +0 hand axe
  1198 | D:2      | Became a worshipper of Uskayaw the Reveler
  1207 | D:2      | Noticed Jessica
  1325 | D:2      | Reached XP level 3. HP: 18/18 MP: 4/4
  1325 | D:2      | Reached * piety under Uskayaw
  1377 | D:2      | Killed Jessica
  1377 | D:2      | Reached ** piety under Uskayaw
  1841 | D:2      | Reached XP level 4. HP: 22/22 MP: 5/5
  1957 | D:2      | Reached skill level 7 in Stealth
  2166 | D:2      | Noticed Terence
  2185 | D:2      | Killed Terence
  2665 | D:3      | Reached XP level 5. HP: 25/25 MP: 6/6
  2667 | D:3      | Reached skill level 1 in Invocations
  2860 | D:3      | Reached skill level 5 in Short Blades
  3101 | D:3      | Found an opulent altar of Gozag.
  3308 | D:3      | Found a shimmering blue altar of Sif Muna.
  3963 | D:4      | Reached XP level 6. HP: 30/30 MP: 8/8
  4038 | D:4      | Found a sparkling altar of Nemelex Xobeh.
  4071 | D:4      | Reached skill level 8 in Stealth
  4437 | D:4      | Found a staircase to the Ecumenical Temple.
  4685 | D:5      | Entered Level 5 of the Dungeon
  4685 | D:5      | Found a basalt altar of Yredelemnul.
  4719 | D:5      | Reached XP level 7. HP: 33/33 MP: 8/10
  4756 | D:5      | Found a burning altar of Makhleb.
  4863 | D:5      | Noticed Dowan
  4866 | D:5      | Noticed Duvessa
  5036 | D:6      | Reached skill level 9 in Stealth
  5434 | D:6      | Reached skill level 1 in Shields
  5434 | D:6      | Reached XP level 8. HP: 24/39 MP: 11/11
  5662 | D:6      | Found a snail-covered altar of Cheibriados.
  5698 | D:6      | Reached *** piety under Uskayaw
  5712 | D:6      | Reached **** piety under Uskayaw
  6074 | D:6      | Found an iron altar of Okawaru.
  7718 | D:7      | Reached skill level 10 in Stealth
  8113 | D:7      | Noticed HoaS's ghost (novice FoFi)
  8114 | D:7      | Found a runed translucent door.
  8138 | D:7      | Reached skill level 5 in Dodging
  8409 | D:7      | Reached XP level 9. HP: 44/44 MP: 13/13
  8812 | D:7      | Hit by a stone thrown by an orc warrior

Illustrated notes

Levels and vault maps discovered:
D:1:      minmay_arrival_diagonal_passages, layout_loops_cross,
          minmay_close_crescents
D:2:      layout_basic, dancing_weapons_uskayaw, hangedman_decor_points,
          minmay_puff, uniq_terence, uniq_jessica
D:3:      layout_rooms, led_sif_book, lemuel_doored_altar
D:4:      layout_cave_pools, nicolae_overflow_crystal_walls,
          minmay_temple_entry_hall
D:5:      layout_rooms, overflow_temple_1_default,
          nicolae_qazlal_general_emergency, vehumet_altar_wand_db,
          yredelemnul_altar_generic, serial_glass, glass_columns_c,
          glass_columns_b, uniq_crazy_yiuf_cottage, uniq_duvessa
D:6:      layout_loops_ring, kennysheep_little_box, old_standard_altar
D:7:      layout_basic, ashenzari_altar_1, gammafunk_ghost_grave,
          grunt_dithmenos_shadows

Skill      XL: |  1  2  3  4  5  6  7  8 |
---------------+-------------------------+-----
Stealth        | 6 7 8 9 10 | 10.3
Short Blades   | 3 4 5 6 7 8 |  8.7
Invocations    | 1 2 3 4 |  4.0
Dodging        | 3 5 |  5.4
Fighting       | 2 3 |  3.4
Shields        | 1 2 |  2.3
Throwing       | |  2.0

Action                   |  1- 3 |  4- 6 |  7- 9 || total
-------------------------+-------+-------+-------++-------
Melee: Dagger            |    77 |   243 |   313 ||   633
Throw: Dart              |     2 |    23 |   119 ||   144
  Use: Potion            |       |       |     3 ||     3
 Stab: Sleeping          |    14 |    12 |     7 ||    33
       Distracted        |     1 |       |     2 ||     3
       Paralysed         |       |       |     3 ||     3
Armor: Robe              |    10 |    32 |    16 ||    58
Dodge: Dodged            |    39 |   165 |   199 ||   403
Block: Buckler           |       |       |    66 ||    66

Table legend: (Time is in decaauts)
 A = Elapsed time spent in this place.
 B = Non-inter-level travel time spent in this place.
 C = Inter-level travel time spent in this place.
 D = Time resting spent in this place.
 E = Time spent auto-exploring this place.
 F = Levels seen in this place.
 G = Mean time per level.
                   A        B        C        D        E       F      G
               +--------+--------+--------+--------+--------+-----+--------+
         Total |   7097 |   6959 |    138 |   2574 |   3050 |   7 | 1013.9 |
       Dungeon |   7097 |   6959 |    138 |   2574 |   3050 |   7 | 1013.9 |
               +--------+--------+--------+--------+--------+-----+--------+

Top non-repeatable levels by time:
     D:6: 1806 daAuts
     D:2: 1334 daAuts
     D:7: 1273 daAuts
     D:1: 879 daAuts
     D:3: 804 daAuts
     D:4: 636 daAuts
     D:5: 362 daAuts
